[Event "Team 45 45 League T65"]
[Site "Internet Chess Club"]
[Date "2015.06.21"]
[Round "3"]
[White "mongmong"]
[Black "PostMike"]
[Result "1/2-1/2"]
[WhiteElo "1467"]
[BlackElo "1490"]
[Opening "Grünfeld: Russian, Alekhine (Hungarian) variation"]
[ECO "D97"]
[Time "07:01:43"]
[TimeControl "2700+45"]

1. d4 Nf6 2. Nf3 g6 3. c4 Bg7 4. Nc3 d5 5. Qb3 dxc4 6. Qxc4 O-O 7. e4 a6 8. Be2
b5 9. Qb3 Bb7 10. e5 Nd5 11. O-O h6 12. Be3 e6 13. Nxd5 Bxd5 14. Qc2 Nd7 15.
Rac1 Rc8 16. b4 Nb6 17. a3 Nc4 18. Bxc4 Bxc4 19. Rfe1 c6 20. Nd2 Bd5 21. Ne4
Bxe4 22. Qxe4 Qd7 23. Rc2 Rc7 24. Rec1 Rfc8 25. f4 Kf8 26. g4 Ke7 27. f5 exf5
28. gxf5 Qxf5 29. Qxf5 gxf5 30. Rf2 Ke6 31. Rcf1 Rg8 32. Kh1 Rcc8 33. Rxf5 Rcf8
34. Rh5 f6 35. Bxh6 fxe5 36. Bxg7 Rxf1+ 37. Kg2 Rxg7+ 38. Kxf1 exd4 39. Rc5 Kd6
40. Kf2 Re7 41. h4 Re3 42. Kg2 Rxa3 43. h5 Re3 44. h6 Re8 45. h7 Rh8 46. Rh5 Ke7
47. Kf3 Kf7 48. Rh6 Kg7 49. Rxc6 Rxh7 50. Ke4 Rh4+ 51. Kd3 Kf7 52. Rxa6 Ke7 53.
Rb6 Kd7 54. Rxb5 Kc6 55. Rc5+ Kb6 56. Rd5 Kc6 57. Rg5 Kb6 58. b5 Rf4 59. Kc4 Rh4
60. Rg6+ Kb7 61. b6 d3+ 62. Kxd3 Rb4 63. Rg7+ Kxb6 64. Rg8 Kc5 65. Rc8+ Kd5 66.
Kc3 Rb1 67. Rd8+ Ke5 68. Re8+ Kd5 69. Rh8 Ke5 70. Rh5+ Ke4 71. Kc2 Rb8 72. Rh4+
Ke5 73. Rh1 Rc8+ 74. Kd3 Rd8+ 75. Kc4 Rc8+ 76. Kb5 Rb8+ 77. Kc6 Rc8+ 78. Kd7 Rc2
79. Re1+ Kd5 80. Rd1+ Ke5 81. Rd6 Ra2 82. Re6+ Kd5 83. Rd6+ Ke5 84. Rd1 {Game
drawn by mutual agreement} 1/2-1/2

[Event "Team 45 45 League T65"]
[Site "Internet Chess Club"]
[Date "2015.06.20"]
[Round "3"]
[White "Percules"]
[Black "justice02"]
[Result "1-0"]
[WhiteElo "1670"]
[BlackElo "1638"]
[Opening "French: advance variation"]
[ECO "C02"]
[Time "15:00:32"]
[TimeControl "2700+45"]

1. e4 e6 2. d4 d5 3. e5 c5 4. c3 Bd7 5. Nf3 Bc6 6. Bd3 Nd7 7. O-O Ne7 8. Bg5 Qb6
9. b3 a5 10. Nbd2 a4 11. Rb1 Qc7 12. Qc2 g6 13. h3 Nf5 14. Nh2 cxd4 15. Bxf5
gxf5 16. cxd4 Rg8 17. Bh4 Be7 18. Bxe7 Kxe7 19. b4 b5 20. Rbc1 Rac8 21. f4 Qb6
22. Qd3 Rg7 23. Nhf3 Rg3 24. Kh2 Rcg8 25. Rf2 f6 26. Qc2 Ba8 27. Nf1 R3g7 28.
Ne3 h6 29. Qd3 Rg3 30. Rfc2 fxe5 31. fxe5 f4 32. Ng4 h5 33. Qh7+ {Black resigns}
1-0

[Event "Team 45 45 League T65"]
[Site "Internet Chess Club"]
[Date "2015.06.22"]
[Round "3"]
[White "zepled37"]
[Black "Starstrom"]
[Result "0-1"]
[WhiteElo "1713"]
[BlackElo "1793"]
[Opening "Sicilian: Kan, 5.Nc3"]
[ECO "B43"]
[Time "18:32:06"]
[TimeControl "2700+45"]

1. e4 c5 2. Nf3 e6 3. d4 cxd4 4. Nxd4 a6 5. Nc3 Qc7 6. g3 b5 7. Bg2 Bb7 8. O-O
Nf6 9. Qd3 Nc6 10. Nf3 Rc8 11. a3 Be7 12. Bd2 h5 13. Rad1 d6 14. Rfe1 O-O 15.
Bc1 Ne5 16. Nxe5 dxe5 17. Qe2 Bxa3 18. Nxb5 axb5 19. bxa3 Qxc2 20. Qxb5 Bxe4 21.
Qxe5 Bxg2 22. Kxg2 Rc5 23. Qe2 Rfc8 24. Rd2 Qa4 25. Rdd1 Rc2 26. Qd3 R8c3 27.
Qd8+ Kh7 28. Qb6 Ng4 29. Rf1 Qe4+ 30. Kg1 h4 31. Qb4 Rc4 32. Qe1 Qc6 33. Be3 h3
34. f3 Rxh2 35. Rf2 Rxf2 36. Bxf2 Qxf3 37. Qf1 h2# {White checkmated} 0-1

[Event "Team 45 45 League T65"]
[Site "Internet Chess Club"]
[Date "2015.06.22"]
[Round "3"]
[White "DeepTheJeep"]
[Black "Grenadier"]
[Result "1/2-1/2"]
[WhiteElo "1595"]
[BlackElo "1559"]
[Opening "Old Indian defense"]
[ECO "A54"]
[Time "20:01:26"]
[TimeControl "2700+45"]

1. d4 Nf6 2. c4 d6 3. Nc3 Nbd7 4. Nf3 e5 5. Bg5 h6 6. Bh4 Be7 7. e3 O-O 8. Be2
c6 9. Qc2 Nh5 10. Bxe7 Qxe7 11. O-O Nhf6 12. Nd2 Nb6 13. dxe5 Qxe5 14. b4 d5 15.
cxd5 Nbxd5 16. Nxd5 Nxd5 17. a3 Be6 18. Nf3 Qc7 19. Rfd1 Rad8 20. Bc4 Qe7 21.
Nd4 Bg4 22. Rd2 Nxe3 23. Nxc6 bxc6 24. fxe3 Qxe3+ 25. Rf2 Be6 26. Bxe6 Qxe6 27.
Raf1 Rd7 28. Qc5 Qd6 29. Qf5 Qd4 30. Kh1 Rfd8 31. h3 Qd5 32. Qg4 c5 33. Rf5 Qd4
34. Rxc5 Qxg4 35. hxg4 f6 36. Kh2 Rd3 37. Ra5 R8d7 38. Rf3 R3d5 39. Ra6 Kf7 40.
Kg3 Kg6 41. a4 R5d6 42. Rxd6 Rxd6 43. b5 a6 44. Rf5 axb5 45. axb5 Rb6 46. Kf4
Kf7 47. Ke4 Ke6 48. Kd4 g6 49. Rc5 Kd6 50. Rd5+ Ke6 51. Kc4 f5 52. gxf5+ gxf5
53. Rc5 h5 54. Rc6+ Rxc6+ 55. bxc6 Kd6 56. c7 Kxc7 57. Kd5 f4 58. Ke4 f3 59.
gxf3 Kd6 60. Kf4 Ke6 61. Kg5 h4 62. Kxh4 Kf5 63. Kg3 Kg5 64. f4+ Kf5 65. Kf3 Kf6
66. Kg4 Kg6 67. f5+ Kf6 68. Kf4 Kf7 69. Ke5 Ke7 70. Ke4 Kf6 71. Kf4 Kf7 72. Ke5
Ke7 73. f6+ Kf7 74. Kf5 Kf8 75. Kg5 Kf7 76. Kf5 Kf8 77. Kg6 Kg8 78. Kh6 Kf7 79.
Kg5 Kf8 80. Kg6 Kg8 81. f7+ Kf8 82. Kh7 Kxf7 {Game drawn because neither player
has mating material} 1/2-1/2

[Event "Team 45 45 League T65"]
[Site "Internet Chess Club"]
[Date "2015.06.20"]
[Round "3"]
[White "BrerRabbit"]
[Black "Freeloshowers"]
[Result "1-0"]
[WhiteElo "1471"]
[BlackElo "1108"]
[Opening "Réti opening"]
[ECO "A05"]
[Time "19:01:28"]
[TimeControl "2700+45"]

1. Nf3 Nf6 2. g3 d5 3. Bg2 Bf5 4. O-O e6 5. d3 Be7 6. Nbd2 O-O 7. b3 c5 8. Bb2
Nc6 9. a3 Qd7 10. Qe1 d4 11. e4 dxe3 12. Qxe3 Rad8 13. Nc4 Ng4 14. Qe2 b5 15.
Ne3 Bf6 16. Bxf6 gxf6 17. Nxf5 Rfe8 18. Ne3 f5 19. Nxg4 fxg4 20. Ne5 Nxe5 21.
Qxe5 Qd4 22. Qxd4 Rxd4 23. Rfe1 h5 24. Re4 Rd6 25. Re5 Kf8 26. Rxc5 a6 27. Re1
f5 28. Re2 Kf7 29. Kf1 Kf6 30. Ke1 e5 31. f4 Rde6 32. fxe5+ Rxe5 33. Rcxe5 Rxe5
34. Rxe5 Kxe5 35. Ke2 f4 36. gxf4+ Kxf4 37. Kf2 h4 38. Bb7 g3+ 39. hxg3+ hxg3+
40. Kg2 Ke3 41. Kxg3 Kd4 42. Bxa6 Kc3 43. Bxb5 Kxc2 44. d4 Kxb3 45. d5 Kxa3 46.
d6 Kb4 47. d7 Kxb5 48. d8=Q Kb4 49. Qc7 Kb5 50. Kf3 Kb4 51. Ke4 Kb3 52. Kd4 Kb4
53. Qb7+ Ka3 54. Kc4 Ka2 55. Kc3 Ka3 56. Qb3# {Black checkmated} 1-0

[Event "Team 45 45 League T65"]
[Site "Internet Chess Club"]
[Date "2015.06.22"]
[Round "3"]
[White "Agarnez"]
[Black "Pomberito"]
[Result "1/2-1/2"]
[WhiteElo "1926"]
[BlackElo "2047"]
[Opening "Budapest defense"]
[ECO "A52"]
[Time "18:00:34"]
[TimeControl "2700+45"]

1. d4 Nf6 2. c4 e5 3. dxe5 Ng4 4. e3 Nxe5 5. Nh3 Ng6 6. Nc3 Bb4 7. Bd2 Nc6 8.
Nd5 Bxd2+ 9. Qxd2 d6 10. Nhf4 Be6 11. Be2 Nce5 12. b3 O-O 13. Nxg6 Nxg6 14. O-O
a5 15. e4 Bxd5 16. cxd5 Qe7 17. Rac1 Rfe8 18. Bb5 Rec8 19. Rfe1 Qe5 20. Qc3 Qg5
21. Qg3 Qe7 22. f4 h5 23. e5 dxe5 24. fxe5 Qb4 25. Bc4 b5 26. e6 bxc4 27. exf7+
Kxf7 28. Rf1+ Kg8 29. Qxg6 Qb6+ 30. Qxb6 cxb6 31. bxc4 Rc5 32. a4 Rac8 33. Rfd1
Kf8 34. Rd4 Ke7 35. Kf2 Kd6 36. Ke3 R5c7 37. Rb1 Rxc4 38. Rxb6+ Ke5 39. Re6+ Kf5
40. Ree4 Rc1 41. h3 Re1+ 42. Kd3 Rd1+ 43. Ke2 Rxd4 44. Rxd4 Ke5 45. Kd3 Rc1 46.
Rh4 g6 47. d6 Kxd6 48. g4 Rd1+ 49. Kc3 Rd5 50. gxh5 gxh5 51. Re4 Rg5 52. Rd4+
Kc5 53. Rc4+ Kb6 54. Rh4 Kc5 55. Rc4+ Kd5 56. Rd4+ Kc6 57. Rc4+ Rc5 58. Kd4
Rxc4+ 59. Kxc4 h4 60. Kd4 Kd6 61. Kc4 Kc6 62. Kd4 {Game drawn by mutual
agreement} 1/2-1/2

[Event "Team 45 45 League T65"]
[Site "Internet Chess Club"]
[Date "2015.06.18"]
[Round "3"]
[White "f5"]
[Black "roji"]
[Result "1-0"]
[WhiteElo "2077"]
[BlackElo "1932"]
[Opening "Modern defense: Averbakh system"]
[ECO "A40"]
[Time "20:09:27"]
[TimeControl "2700+45"]

1. d4 g6 2. c4 Bg7 3. Nc3 d6 4. e4 Nd7 5. f4 e5 6. fxe5 dxe5 7. d5 Nc5 8. Be3
Qe7 9. b4 Na6 10. c5 c6 11. Rb1 Nb8 12. Nf3 Bg4 13. Bc4 Bxf3 14. Qxf3 Nf6 15.
O-O h6 16. a4 Nbd7 17. Qh3 Nf8 18. b5 cxd5 19. exd5 Rd8 20. d6 Qd7 21. Qxd7+
Rxd7 22. Rxf6 Bxf6 23. Ne4 Be7 24. dxe7 Kxe7 25. c6 bxc6 26. bxc6 Rc7 27. Bc5+
Kd8 28. Rb8+ Rc8 29. Be7+ Kc7 30. Bd6+ Kd8 31. Rxc8+ Kxc8 32. Ba6+ {Black
resigns} 1-0

[Event "Team 45 45 League T65"]
[Site "Internet Chess Club"]
[Date "2015.06.18"]
[Round "3"]
[White "deancorso1"]
[Black "primerpaso"]
[Result "1-0"]
[WhiteElo "1869"]
[BlackElo "1839"]
[Opening "Nimzo-Indian: 4.e3 c5, 5.Ne2 (Rubinstein, anti-Hübner system)"]
[ECO "E42"]
[Time "17:01:00"]
[TimeControl "2700+45"]

1. d4 Nf6 2. c4 e6 3. Nc3 Bb4 4. e3 c5 5. Ne2 O-O 6. a3 cxd4 7. axb4 dxc3 8.
Nxc3 Qe7 9. b5 Rd8 10. b3 d5 11. cxd5 exd5 12. Qd4 Bf5 13. Bb2 Bc2 14. b4 Qd6
15. Be2 Nbd7 16. O-O Nf8 17. Qd2 Bb3 18. Na4 Ne4 19. Qe1 Rac8 20. f3 Nf6 21. Nc5
Qe7 22. Qf2 Bc4 23. Rxa7 Re8 24. Rxb7 Qxe3 25. Qxe3 Rxe3 26. Bxc4 dxc4 27. Bxf6
gxf6 28. b6 Ne6 29. Rc1 Nd8 30. Rc7 Rb8 31. b7 Kg7 32. Rxc4 Re8 33. Rg4+ Kh6 34.
Rc8 Nc6 35. Rxc6 Rec8 36. bxc8=Q {Black resigns} 1-0

[Event "Team 45 45 League T65"]
[Site "Internet Chess Club"]
[Date "2015.06.22"]
[Round "3"]
[White "ArturitoGalacti"]
[Black "G-force"]
[Result "0-1"]
[WhiteElo "1981"]
[BlackElo "2099"]
[Opening "English opening"]
[ECO "A10"]
[Time "17:34:35"]
[TimeControl "2700+45"]

1. c4 b6 2. d4 Bb7 3. Nf3 e6 4. g3 Bxf3 5. exf3 c5 6. d5 exd5 7. cxd5 Bd6 8. Nc3
Ne7 9. Nb5 Nc8 10. Bh3 O-O 11. O-O Na6 12. Be3 Be5 13. Qd3 d6 14. Bf4 Bxf4 15.
gxf4 Nb4 16. Qf5 Ne7 17. Qg4 Nbxd5 18. Rad1 f5 19. Qg5 Rf6 20. Kh1 a6 21. Na3 b5
22. Rd2 Rg6 23. Qh4 Rh6 24. Qg3 Qe8 25. Rfd1 Qh5 26. Bf1 Rg6 27. Qh3 Qxh3 28.
Bxh3 Nxf4 29. Bf1 d5 30. Nc2 Nc6 31. Ne3 Nd4 32. Rxd4 cxd4 33. Nxf5 Re8 34. Nxd4
Re5 35. Nc2 Reg5 36. h3 Rg1+ 37. Kh2 Nxh3 38. Be2 Nf4 39. Rxg1 Rh6+ 40. Kg3
Nxe2+ 41. Kg2 Rg6+ {White resigns} 0-1

[Event "Team 45 45 League T65"]
[Site "Internet Chess Club"]
[Date "2015.06.18"]
[Round "3"]
[White "ChessRooklift"]
[Black "jt2000"]
[Result "1/2-1/2"]
[WhiteElo "1904"]
[BlackElo "2086"]
[Opening "Queen's pawn: Chigorin variation"]
[ECO "D00"]
[Time "18:00:24"]
[TimeControl "2700+45"]

1. d4 d5 2. Nc3 c6 3. Nf3 Bf5 4. g3 Nf6 5. Bg2 e6 6. a3 Bd6 7. Nh4 Bg6 8. O-O
Nbd7 9. Bg5 Qc7 10. Re1 O-O 11. Nxg6 hxg6 12. e4 dxe4 13. Nxe4 Nxe4 14. Rxe4 Nf6
15. Bxf6 gxf6 16. Qd2 Kg7 17. Rh4 Rh8 18. Rxh8 Rxh8 19. c3 f5 20. Re1 Be7 21.
Qe2 Bf6 22. Qc4 Rd8 23. Qc5 a6 24. a4 Qd6 25. Qc4 Rc8 26. Qb3 Rc7 27. Qb6 Rd7
28. Bf3 Qc7 29. Qxc7 Rxc7 30. Kf1 Kf8 31. Re2 Re7 32. Ke1 e5 33. dxe5 Rxe5 34.
Rxe5 Bxe5 35. h4 Ke7 36. Ke2 Kd6 37. Kd3 Bf6 {Game drawn by mutual agreement}
1/2-1/2

[Event "Team 45 45 League T65"]
[Site "Internet Chess Club"]
[Date "2015.06.18"]
[Round "3"]
[White "Goli"]
[Black "ChiefPushesWood"]
[Result "0-1"]
[WhiteElo "1724"]
[BlackElo "1817"]
[Opening "Caro-Kann: Panov-Botvinnik attack, 5...e6"]
[ECO "B14"]
[Time "18:07:50"]
[TimeControl "2700+45"]

1. e4 c6 2. d4 d5 3. exd5 cxd5 4. c4 Nf6 5. Nc3 e6 6. Nf3 Be7 7. Bd3 dxc4 8.
Bxc4 O-O 9. O-O a6 10. a3 b5 11. Ba2 Bb7 12. Be3 Qd6 13. h3 Nbd7 14. Rc1 Rac8
15. Qe2 Bd8 16. Rfd1 Bc7 17. d5 Nxd5 18. Nxd5 exd5 19. Qd3 Ne5 20. Qe2 Rfe8 21.
g3 Nc4 22. Bxc4 bxc4 23. Nd4 Qf6 24. Qd2 Bb6 25. Qb4 Re4 26. Kg2 Rce8 27. Bg5
Qg6 28. Be3 Rxe3 29. fxe3 Rxe3 30. g4 Qe4+ 31. Kf2 Bxd4 32. Rxd4 Qf3+ 33. Kg1
Re2 {White resigns} 0-1

[Event "Team 45 45 League T65"]
[Site "Internet Chess Club"]
[Date "2015.06.20"]
[Round "3"]
[White "jonesey"]
[Black "Portola"]
[Result "1/2-1/2"]
[WhiteElo "1895"]
[BlackElo "1778"]
[Opening "French: Rubinstein variation"]
[ECO "C10"]
[Time "19:02:17"]
[TimeControl "2700+45"]

1. e4 e6 2. d4 d5 3. Nc3 dxe4 4. Nxe4 Be7 5. Nf3 Nf6 6. Bd3 Nbd7 7. Qe2 c5 8.
Nxc5 Nxc5 9. dxc5 Qa5+ 10. c3 Qxc5 11. Be3 Qc7 12. O-O O-O 13. Bd4 Bd7 14. Ne5
Bc6 15. Nxc6 Qxc6 16. Rad1 a6 17. Rfe1 Rad8 18. Bb1 Rd7 19. Qc2 g6 20. Rd3 Rfd8
21. Rf3 Nh5 22. Qc1 Bf8 23. Rh3 f6 24. Bc2 e5 25. Bb3+ Kh8 26. Be3 Qc7 27. Qc2
Rg7 28. Bh6 Rgd7 29. Be3 Rg7 30. Qb1 Nf4 31. Rf3 g5 32. Qf5 Be7 33. Bxf4 gxf4
34. Bc2 Qc6 35. Be4 Qd7 36. Qxd7 Rxd7 37. Rd3 Rxd3 38. Bxd3 Bc5 39. Kf1 Rd7 40.
Rd1 a5 41. Ke2 b6 42. Bc2 Rxd1 43. Bxd1 Kg7 44. Bc2 h6 45. Kf3 Kf7 46. Bf5 Kg7
47. Ke2 Kf7 48. Kf3 Kg7 49. Ke2 {Game drawn by mutual agreement} 1/2-1/2

[Event "Team 45 45 League T65"]
[Site "Internet Chess Club"]
[Date "2015.06.18"]
[Round "3"]
[White "CaoCao"]
[Black "terry-song"]
[Result "1-0"]
[WhiteElo "1967"]
[BlackElo "1798"]
[Opening "Sicilian: Najdorf, Byrne (English) attack"]
[ECO "B90"]
[Time "15:33:07"]
[TimeControl "2700+45"]

1. e4 c5 2. Nf3 d6 3. d4 cxd4 4. Nxd4 Nf6 5. Nc3 a6 6. Be3 e5 7. Nb3 Be7 8. f3
Be6 9. Qd2 Nbd7 10. g4 h6 11. O-O-O b5 12. Kb1 b4 13. Nd5 Bxd5 14. exd5 a5 15.
Bb5 Nh7 16. h4 Bxh4 17. Bxd7+ Kxd7 18. Qd3 Bg5 19. Qb5+ Ke7 20. Bb6 Qd7 21.
Qxd7+ Kxd7 22. Bxa5 Rhb8 23. c3 bxc3 24. Bxc3 Nf6 25. Rhe1 Rb5 26. Bd2 Bxd2 27.
Rxd2 Rxd5 28. Rxd5 Nxd5 29. Rd1 Ke6 30. a3 Rb8 31. Ka2 Rc8 32. Re1 Rc2 33. Nd4+
Kf6 34. Nxc2 Nf4 35. Nb4 d5 36. Rd1 d4 37. a4 Ke6 38. a5 Kd6 39. a6 Kc7 40. Rc1+
Kb6 41. Rc6+ Kb5 42. a7 Nd3 43. Nxd3 e4 44. fxe4 h5 45. Rc5+ Kb6 46. a8=Q f5 47.
Qa5+ Kb7 48. Rc7+ {Black resigns} 1-0

[Event "Team 45 45 League T65"]
[Site "Internet Chess Club"]
[Date "2015.06.18"]
[Round "3"]
[White "soccerisfun"]
[Black "cityprosecutor"]
[Result "1-0"]
[WhiteElo "1804"]
[BlackElo "1822"]
[Opening "Pirc defense"]
[ECO "B07"]
[Time "21:01:03"]
[TimeControl "2700+45"]

1. e4 d6 2. d4 Nf6 3. Nc3 g6 4. f3 c6 5. Be3 b5 6. Qd2 Nbd7 7. Nge2 Nb6 8. Ng3
Bg7 9. Bh6 Bxh6 10. Qxh6 Qc7 11. Qg5 h6 12. Qe3 Bd7 13. Rd1 h5 14. d5 a6 15. f4
c5 16. h3 b4 17. e5 Nh7 18. exd6 Qxd6 19. Nce4 Qb8 20. Nxc5 O-O 21. Bxa6 Bc8 22.
Bxc8 Qxc8 23. O-O Rxa2 24. f5 Ra5 25. fxg6 Qxc5 26. Qxc5 Rxc5 27. gxh7+ Kxh7 28.
Rf5 Rxc2 29. Rxh5+ Kg6 30. d6 e6 31. Rd4 f5 32. Rxb4 Rc6 33. Rbh4 Rxd6 34. Ne2
Kf6 35. Nd4 Ke5 36. Nf3+ Kd5 37. Rd4+ Kc5 38. b4+ Kc6 39. Ne5+ {Black resigns}
1-0

[Event "Team 45 45 League T65"]
[Site "Internet Chess Club"]
[Date "2015.06.18"]
[Round "3"]
[White "jon314159"]
[Black "Constrictor"]
[Result "1/2-1/2"]
[WhiteElo "1553"]
[BlackElo "1575"]
[Opening "KGD: classical variation"]
[ECO "C30"]
[Time "17:05:24"]
[TimeControl "2700+45"]

1. e4 e5 2. f4 Bc5 3. Nf3 d6 4. Bc4 Nc6 5. c3 Nf6 6. d4 exd4 7. cxd4 Bb6 8. Nc3
O-O 9. O-O Bg4 10. Be3 Re8 11. Qd2 Nxe4 12. Nxe4 Rxe4 13. Bxf7+ Kh8 14. Bd5 Bxf3
15. Rxf3 Rxe3 16. Bxc6 Rxf3 17. Bxf3 c6 18. Kh1 d5 19. Bg4 Qf6 20. Rd1 Rf8 21.
g3 Re8 22. Bf3 Qe6 23. Kg2 Qf6 24. b4 Rf8 25. Bg4 g6 26. Qd3 Re8 27. Bf3 Qe6 28.
Kf2 Kg7 {Game drawn by mutual agreement} 1/2-1/2

[Event "Team 45 45 League T65"]
[Site "Internet Chess Club"]
[Date "2015.06.20"]
[Round "3"]
[White "alexping"]
[Black "IshanR"]
[Result "1-0"]
[WhiteElo "1901"]
[BlackElo "1831"]
[Opening "Queen's gambit declined"]
[ECO "D30"]
[Time "03:16:03"]
[TimeControl "2700+45"]

1. d4 d5 2. c4 e6 3. Nf3 c5 4. e3 Nf6 5. Be2 Nc6 6. O-O a6 7. b3 Bd6 8. Bb2 O-O
9. Nc3 Re8 10. Rc1 dxc4 11. bxc4 cxd4 12. exd4 Bf4 13. Ra1 Qb6 14. Qb3 Qa7 15.
Na4 b5 16. cxb5 axb5 17. Nc5 Rb8 18. Bxb5 Qa5 19. Bxc6 Rxb3 20. axb3 Qc7 21.
Bxe8 Nxe8 22. Ra8 h5 23. Rfa1 Kh7 24. R1a7 Qc6 25. Ra1 Nd6 26. R8a7 Kg8 27. R7a2
Nb5 28. b4 Kh7 29. Nd3 Qe4 30. Nxf4 Qxf4 31. Ra5 Nd6 32. Rxh5+ Kg6 33. Rg5+ Kh7
34. Rh5+ Kg6 35. Rh4 Qf6 36. Ne5+ Kg5 37. d5 Qf5 38. Nf3+ Kg6 39. dxe6 fxe6 40.
h3 Bb7 41. Rg4+ Kh6 42. Bxg7+ Kh7 43. Ra5 Qb1+ 44. Kh2 Nf5 45. Bf8 Qc1 46. Rxf5
exf5 47. Rg7+ Kh8 48. Rxb7 Qc8 49. Rf7 Kg8 50. Ng5 Qb8+ 51. Kg1 Qf4 52. Rg7+
{Black resigns} 1-0

[Event "Team 45 45 League T65"]
[Site "Internet Chess Club"]
[Date "2015.06.20"]
[Round "3"]
[White "Signalman"]
[Black "bobhill"]
[Result "0-1"]
[WhiteElo "1787"]
[BlackElo "1963"]
[Opening "Queen's bishop game"]
[ECO "D02"]
[Time "09:44:04"]
[TimeControl "2700+45"]

1. d4 d5 2. Nf3 Nf6 3. Bf4 g6 4. e3 Bg7 5. Nbd2 O-O 6. h3 c5 7. c3 Qb6 8. Qc1
Nc6 9. Bd3 Bd7 10. O-O cxd4 11. cxd4 Rac8 12. Qd1 Nb4 13. Be2 Bf5 14. Qa4 Nd3
15. Bxd3 Bxd3 16. Rfe1 Qxb2 17. Qxa7 Ne4 18. Nxe4 Bxe4 19. Ng5 Bf5 20. Qa5 h6
21. Nf3 Be4 22. Bc7 e6 23. Qb6 Qxb6 24. Bxb6 Rc6 25. Bc5 Ra8 26. Nd2 Bd3 27. a3
b6 28. Bb4 Rac8 29. Nb3 Bc2 30. Nd2 e5 31. Nf3 f6 32. Re2 Bd3 33. Rd2 Rc1+ 34.
Rd1 Rxa1 35. Rxa1 g5 36. Ne1 Bg6 37. Rd1 e4 38. Kh2 f5 39. g3 Kf7 40. Ng2 Ke6
41. h4 Rc2 42. Kg1 Bf6 43. Bf8 Be7 44. Bxh6 Bxa3 45. Bxg5 Kd6 46. Nf4 Bh7 47.
Rb1 Kc6 48. Nh5 b5 49. Nf6 Rc1+ 50. Rxc1+ Bxc1 51. Kf1 b4 52. Ke1 b3 53. Kd1 Ba3
54. Nxh7 Kb5 55. Nf6 Kc4 56. Kd2 Bf8 57. g4 fxg4 58. Nxg4 Kb4 59. h5 Ka3 60. Bh6
Bxh6 61. Nxh6 b2 62. Kc2 Ka2 {White resigns} 0-1

[Event "Team 45 45 League T65"]
[Site "Internet Chess Club"]
[Date "2015.06.21"]
[Round "3"]
[White "Beetlejuice"]
[Black "bondguy01"]
[Result "1-0"]
[WhiteElo "1833"]
[BlackElo "1780"]
[Opening "Benkö gambit half accepted"]
[ECO "A57"]
[Time "13:01:45"]
[TimeControl "2700+45"]

1. d4 Nf6 2. c4 c5 3. d5 b5 4. cxb5 a6 5. f3 axb5 6. e4 Qa5+ 7. Bd2 b4 8. Na3 d6
9. Nc4 Qd8 10. Bd3 e6 11. dxe6 Bxe6 12. Ne2 Nc6 13. O-O Be7 14. Ne3 O-O 15. Bc4
d5 16. exd5 Nxd5 17. Nxd5 Bxd5 18. Bxd5 Qxd5 19. Bf4 Rfd8 20. Qxd5 Rxd5 21. a3
Bf6 22. axb4 Rxa1 23. Rxa1 h6 24. bxc5 Rxc5 25. Rc1 Rxc1+ 26. Bxc1 Nb4 27. b3
Kh7 28. Bd2 Nc2 29. Kf2 g5 30. Bc3 Be7 31. Nc1 Bd6 32. h3 Bc5+ 33. Ke2 Ne3 34.
Nd3 Ba7 35. Ne1 Kg6 36. Kd3 Nd5 37. Bd2 Bb8 38. Kd4 Nf4 39. Bxf4 Bxf4 40. b4 Kh5
41. b5 Kh4 42. Nc2 Kg3 43. Ne3 Kf2 44. Nd5 Bb8 45. b6 Kxg2 46. Ke4 Kxh3 47. Nc7
Kg3 48. Na6 h5 49. Nxb8 h4 50. Nd7 h3 51. b7 h2 52. b8=Q+ Kg2 53. Qb2+ Kg3 54.
Qe5+ Kg2 55. Qxg5+ Kh1 56. Qh4 Kg2 57. Qxh2+ Kxh2 58. Kf5 Kg3 59. Ne5 f6 60.
Kxf6 Kf4 61. Ke6 Ke3 62. Kf5 {Black resigns} 1-0

[Event "Team 45 45 League T65"]
[Site "Internet Chess Club"]
[Date "2015.06.21"]
[Round "3"]
[White "Mitochondria"]
[Black "hondocando"]
[Result "0-1"]
[WhiteElo "1502"]
[BlackElo "1524"]
[Opening "Nimzo-Indian: classical variation"]
[ECO "E32"]
[Time "15:02:51"]
[TimeControl "2700+45"]

1. d4 Nf6 2. c4 e6 3. Nc3 Bb4 4. Qc2 O-O 5. Nf3 b6 6. a3 Bxc3+ 7. Qxc3 Bb7 8.
Bg5 d6 9. Nd2 Nbd7 10. e4 e5 11. Bd3 h6 12. Bh4 Qe8 13. O-O exd4 14. Qxd4 Qe5
15. Qxe5 dxe5 16. b4 g5 17. Bg3 Nh5 18. Rad1 Nxg3 19. fxg3 Kg7 20. g4 Rad8 21.
Nf3 f6 22. Rd2 c5 23. Rfd1 Nb8 24. Ne1 Nc6 25. Nc2 Rf7 26. Ne3 cxb4 27. Nf5+ Kg6
28. axb4 Rfd7 29. Kf2 Nxb4 30. Ke3 Nxd3 31. Ng3 Nc5 32. Rxd7 Rxd7 33. Rxd7 Nxd7
34. Nf5 a5 35. Nd6 Bc6 36. Kd2 Nc5 {White resigns} 0-1

[Event "Team 45 45 League T65"]
[Site "Internet Chess Club"]
[Date "2015.06.22"]
[Round "3"]
[White "Bible-Believer"]
[Black "AlPearson"]
[Result "0-1"]
[WhiteElo "1470"]
[BlackElo "1445"]
[Opening "King's Indian: Torre attack"]
[ECO "A48"]
[Time "15:03:01"]
[TimeControl "2700+45"]

1. d4 Nf6 2. Nf3 g6 3. Bg5 Ne4 4. Bf4 Bg7 5. e3 O-O 6. Bd3 Nf6 7. O-O d6 8. h3
c5 9. c3 Nc6 10. Nbd2 a6 11. Qa4 Bd7 12. Qc2 b5 13. b3 Rc8 14. a4 cxd4 15. exd4
Nb4 16. Qb1 Nxd3 17. Qxd3 Nd5 {White resigns} 0-1

[Event "Team 45 45 League T65"]
[Site "Internet Chess Club"]
[Date "2015.06.20"]
[Round "3"]
[White "chuckh2"]
[Black "sdcohle"]
[Result "0-1"]
[WhiteElo "1406"]
[BlackElo "1408"]
[Opening "Réti: King's Indian attack (Barcza system)"]
[ECO "A07"]
[Time "14:00:35"]
[TimeControl "2700+45"]

1. Nf3 d5 2. g3 Nf6 3. Bg2 e6 4. O-O Bd6 5. d3 Nbd7 6. Nbd2 b6 7. Re1 O-O 8. e4
dxe4 9. dxe4 e5 10. Nc4 Qe7 11. a3 Bb7 12. Nxd6 cxd6 13. Nd2 Rac8 14. Nb3 Nc5
15. Nxc5 dxc5 16. Bg5 Rcd8 17. Qe2 h6 18. Bxf6 Qxf6 19. Rad1 Rxd1 20. Rxd1 Rd8
21. Kf1 Rd6 22. Ke1 Qd8 23. Rxd6 Qxd6 24. Qb5 Qc6 25. Qd3 Qc7 26. Bh3 Qe7 27.
Bg2 Qc7 28. Kd2 f6 29. Bh3 c4 30. Be6+ Kf8 31. Bxc4 Ke7 32. Bd5 Qd7 33. c4 Ba6
34. b3 Qd6 35. b4 Bc8 36. Bg8 Bb7 37. Qxd6+ Kxd6 38. Bd5 Bc8 39. a4 Bd7 40. a5
Kc7 41. Ke3 bxa5 42. bxa5 Kd6 43. Kf3 Kc5 44. Ke3 Kb4 45. Kd3 Kxa5 46. Kc3 Kb6
47. Kb4 a5+ 48. Ka3 Kc5 49. Kb2 Kb4 50. h4 a4 51. f3 Bc8 52. Bf7 Ba6 53. Bd5
Bxc4 54. f4 a3+ 55. Ka1 exf4 56. gxf4 Bxd5 57. exd5 Kc5 58. Ka2 Kxd5 59. Kxa3
Ke4 60. Kb2 Kxf4 61. Kc2 Kg4 62. Kd2 Kxh4 63. Ke2 Kg3 64. Kf1 g5 65. Kg1 h5 66.
Kh1 h4 67. Kg1 h3 68. Kh1 Kf2 69. Kh2 g4 70. Kh1 f5 71. Kh2 f4 72. Kh1 Ke2 73.
Kh2 f3 {White resigns} 0-1

[Event "Team 45 45 League T65"]
[Site "Internet Chess Club"]
[Date "2015.06.19"]
[Round "3"]
[White "shaunlewis"]
[Black "artspir"]
[Result "0-1"]
[WhiteElo "1136"]
[BlackElo "1245"]
[Opening "QGD Slav: 4.Nc3"]
[ECO "D15"]
[Time "16:00:16"]
[TimeControl "2700+45"]

1. d4 d5 2. c4 c6 3. Nf3 Nf6 4. Nc3 Bf5 5. cxd5 cxd5 6. Qb3 b6 7. Bg5 e6 8. Bxf6
gxf6 9. e3 Nd7 10. Bb5 Bd6 11. O-O O-O 12. Rac1 Rc8 13. Rfe1 Kh8 14. h3 Bg6 15.
Qa4 Rc7 16. Ne2 Be4 17. Nd2 Bg6 18. Nf4 Qc8 19. Rxc7 Qxc7 20. Bxd7 Bc2 21. Qb5
Rd8 22. Bxe6 Bxf4 23. exf4 fxe6 24. Rxe6 Bg6 25. Rxf6 Rg8 26. Qxd5 Qc1+ 27. Nf1
Bd3 28. Qd6 Qxf1+ 29. Kh2 Qxg2# {White checkmated} 0-1

[Event "Team 45 45 League T65"]
[Site "Internet Chess Club"]
[Date "2015.06.19"]
[Round "3"]
[White "Chaitanyaann"]
[Black "TINAyoufatlard"]
[Result "0-1"]
[WhiteElo "1389"]
[BlackElo "1844"]
[Opening "French: advance, Paulsen attack"]
[ECO "C02"]
[Time "14:03:35"]
[TimeControl "2700+45"]

1. e4 e6 2. d4 d5 3. e5 c5 4. c3 Nc6 5. Nf3 Qb6 6. a3 Nge7 7. b4 cxd4 8. cxd4
Nf5 9. Be3 Be7 10. Nc3 f6 11. Bd3 Nxe3 12. fxe3 fxe5 13. Na4 Qc7 14. dxe5 Nxe5
15. Nxe5 Qxe5 16. Bb5+ Bd7 17. Bxd7+ Kxd7 18. Qd4 Qxd4 19. exd4 Bf6 20. Rd1 Rac8
21. Nc5+ Ke7 22. Nxb7 Rc3 23. a4 Rb8 24. Na5 Rxb4 25. O-O Bxd4+ 26. Kh1 Bb6 27.
Nb7 Rxa4 28. Rd2 Rac4 29. h3 Rc1 30. Rxc1 Rxc1+ 31. Kh2 Rc7 32. h4 Rxb7 33. Kh3
Bc7 34. g4 Rb3+ 35. Kg2 a5 36. g5 {White resigns} 0-1